Map: Acropolis LE

Players

Gerald - Winner!

  • Race: Protoss Protoss
  • Spawn Location: 11:00

PappiJoe

  • Race: Protoss Protoss
  • Spawn Location: 5:00

VOD

Have the link to the VOD?

Description

Time

  • Played on: Sept. 6, 2019, 3:54 p.m.
  • Length: 7:50
Show
View Real Time Build Order
Export as new Build Order

Gerald Protoss - Winner!

Build Orders:  

Get SALT Encoding   

  12  0:00  Probe  
  13  0:12  Probe  
  14  0:17  Pylon  
  14  0:23  Probe  
  15  0:31  Probe  
  16  0:38  Gateway  
  16  0:40  Probe  
  16  0:45  Assimilator  
  17  0:52  Probe  
  17  0:53  Assimilator  
  18  1:01  Probe  
  19  1:09  Probe  
  19  1:15  Gateway  
  19  1:18  Probe  
  21  1:27  Cybernetics Core  
  21  1:30  Probe  
  22  1:33  Pylon  
  22  1:42  Probe  
  23  1:54  Pylon  
  23  1:57  Probe  
  24  2:06  Stalker x2  
  24  2:07  Warp Gate  
  28  2:10  Pylon  
  28  2:23  Robotics Facility  
  28  2:27  Probe  
  29  2:41  Shield Battery  
  29  2:47  Adept x2  
  29  2:50  Probe  
  34  3:03  Pylon  
  34  3:24  Nexus  
  34  3:26  Immortal  
  36  3:55  Gateway  
  36  4:00  Sentry  
  38  4:05  Pylon  
  38  4:07  Shield Battery  
  38  4:12  Immortal  
  38  4:21  Pylon  
  42  4:24  Sentry, Stalker  
  46  4:41  Warp Prism  
  44  4:50  Stalker x2  
  48  5:03  Stalker  
  50  5:15  Pylon  
  50  5:16  Stalker  
  50  5:17  Sentry  
  54  5:25  Pylon  
  54  5:36  Immortal  
  48  6:02  Stalker x2  
  48  6:03  Sentry  
  55  6:11  Immortal  
  58  6:37  Adept x2  
  62  6:50  Immortal  
  66  6:58  Adept  
  66  6:59  Adept  
  70  7:06  Adept  
  70  7:11  Pylon  
  68  7:25  Stalker  
Show
View Real Time Build Order
Export as new Build Order

PappiJoe Protoss 

Build Orders:  

Get SALT Encoding   

  12  0:00  Probe  
  13  0:12  Probe  
  14  0:17  Pylon  
  14  0:23  Probe  
  15  0:31  Probe  
  16  0:38  Gateway  
  16  0:39  Probe  
  16  0:45  Assimilator  
  17  0:51  Probe  
  17  0:54  Assimilator  
  18  0:59  Probe  
  19  1:08  Probe  
  19  1:09  Gateway  
  19  1:18  Probe  
  21  1:26  Cybernetics Core  
  21  1:31  Probe  
  22  1:39  Pylon  
  22  1:43  Probe  
  23  2:02  Robotics Facility  
  23  2:05  Warp Gate  
  23  2:11  Stalker  
  23  2:12  Stalker  
  27  2:29  Pylon  
  27  2:42  Immortal  
  30  3:05  Zealot  
  30  3:08  Stalker  
  34  3:32  Warp Prism  
  35  3:35  Gateway  
  35  3:40  Pylon  
  36  3:58  Sentry x2  
  33  4:38  Probe  
  33  4:44  Immortal  
  33  4:50  Probe  
  37  5:03  Probe  
  38  5:15  Sentry x2  
  38  5:17  Probe  
  43  5:29  Probe  
  43  5:34  Pylon  
  44  5:46  Adept x2  
  44  5:47  Adept  
  42  6:03  Probe  
  39  6:15  Probe, Sentry  
  42  6:18  Zealot  
  42  6:19  Zealot  
  46  6:40  Sentry, Adept  
  46  6:42  Adept  
  45  7:01  Adept  
  45  7:10  Zealot x2  
  47  7:31  Adept x2  
  43  7:41  Adept  
Tags
 
Add a new tag
Caveats
  • Supply blocks, unpowered buildings, or Contaminate may cause inaccurate times.
  • Supply counts are checked every 10 seconds.